| TOP OF THE 1ST |
|
Toledo Mud Hens batting - Pitching for Tacoma Rainiers : RHP Jake Underhill
|
|
Pitching: RHP Jake Underhill
|
|
|
Batting: SHB Adam Weber
|
0-0: Ball 1-0: Called Strike 1-1: Fly out, F8 (Flyball, 78S, EV 95.0 MPH)
|
|
Batting: RHB J.J. Basil
|
0-0: Ball 1-0: Called Strike 1-1: Ground out 6-3 (Groundball, 6, EV 100.0 MPH)
|
|
Batting: LHB Conrad Taylor
|
0-0: Called Strike 0-1: Swinging Strike 0-2: Ball 1-2: Foul Ball, location: 2F 1-2: Strikes out looking
|
| Top of the 1st over - 0 runs, 0 hits, 0 errors, 0 left on base; Toledo 0 - Tacoma 0 |
| BOTTOM OF THE 1ST |
|
Tacoma Rainiers batting - Pitching for Toledo Mud Hens : RHP Caleb Franklin
|
|
Pitching: RHP Caleb Franklin
|
|
|
Batting: LHB Caleb Domino
|
0-0: Called Strike 0-1: Foul Ball, location: 2F 0-2: Ball 1-2: SOLO HOME RUN (Flyball, 89XD, EV 98.1 MPH), Distance : 409 ft
|
|
Batting: RHB Tony Vargas
|
0-0: Called Strike 0-1: Ground out 4-3 (Groundball, 34, EV 108.1 MPH)
|
|
Batting: RHB Harutomi Matsubara
|
0-0: Called Strike 0-1: Ball 1-1: Foul Ball, location: 2F 1-2: Ball 2-2: Ground out 5-3 (Groundball, 56S, EV 85.6 MPH)
|
|
Batting: LHB Ryan Lowe
|
0-0: Called Strike 0-1: Called Strike 0-2: Ball 1-2: Ball 2-2: Ground out 6-3 (Groundball, 6, EV 102.5 MPH)
|
| Bottom of the 1st over - 1 run, 1 hit, 0 errors, 0 left on base; Toledo 0 - Tacoma 1 |
| TOP OF THE 2ND |
|
Toledo Mud Hens batting - Pitching for Tacoma Rainiers : RHP Jake Underhill
|
|
Batting: LHB Tyler Davis
|
0-0: Called Strike 0-1: Ball 1-1: Ball 2-1: Ground out 6-3 (Groundball, 6M, EV 84.4 MPH)
|
|
Batting: SHB Andy Vivas
|
0-0: Ball 1-0: Called Strike 1-1: Called Strike 1-2: Strikes out swinging
|
|
Batting: LHB Frank McConnell
|
0-0: Called Strike 0-1: Ball 1-1: Foul Ball, location: 2F 1-2: Foul Ball, location: 2F 1-2: SINGLE (Groundball, 4MS, EV 83.8 MPH) (infield hit)
|
|
Batting: SHB Ross Holland
|
0-0: Ball 1-0: Ball 2-0: Foul Ball, location: 2F 2-1: Called Strike 2-2: Strikes out swinging
|
| Top of the 2nd over - 0 runs, 1 hit, 0 errors, 1 left on base; Toledo 0 - Tacoma 1 |
| BOTTOM OF THE 2ND |
|
Tacoma Rainiers batting - Pitching for Toledo Mud Hens : RHP Caleb Franklin
|
|
Batting: LHB Tom Reynolds
|
0-0: Ball 1-0: Foul Ball, location: 2F 1-1: Ball 2-1: Foul Ball, location: 2F 2-2: Hit by Pitch
|
|
Batting: RHB Brad Robidas
|
0-0: Called Strike 0-1: Ball 1-1: SINGLE (Flyball, 6D, EV 86.9 MPH) Tom Reynolds to second
|
|
Batting: RHB Rick Ellis
|
0-0: Called Strike 0-1: SINGLE (Groundball, 5S, EV 66.9 MPH) (infield hit) Tom Reynolds to third Brad Robidas to second
|
|
Batting: RHB Sean Peake
|
0-0: Fly out, F1 (Popup, 13, EV 83.8 MPH)
|
|
Batting: RHB Micah Roth
|
0-0: Ball 1-0: Ball 2-0: Foul Ball, location: 2F 2-1: Ball 3-1: Grounds into double play, 4-6-3 (Groundball, 4M, EV 100.0 MPH)
|
| Bottom of the 2nd over - 0 runs, 2 hits, 0 errors, 2 left on base; Toledo 0 - Tacoma 1 |
| TOP OF THE 3RD |
|
Toledo Mud Hens batting - Pitching for Tacoma Rainiers : RHP Jake Underhill
|
|
Batting: RHB Dan Becvar
|
0-0: Ball 1-0: Ground out 2-3 (Groundball, 13S, EV 73.8 MPH)
|
|
Batting: RHB Keith Hoffman
|
0-0: Called Strike 0-1: Called Strike 0-2: Strikes out swinging
|
|
Batting: SHB Adam Weber
|
0-0: Foul Ball, location: 2F 0-1: Foul Ball, location: 2F 0-2: TRIPLE (Flyball, 9D, EV 95.6 MPH)
|
|
Batting: RHB J.J. Basil
|
0-0: Foul Ball, location: 2F 0-1: Ball 1-1: Foul Ball, location: 2F 1-2: Strikes out swinging
|
| Top of the 3rd over - 0 runs, 1 hit, 0 errors, 1 left on base; Toledo 0 - Tacoma 1 |
| BOTTOM OF THE 3RD |
|
Tacoma Rainiers batting - Pitching for Toledo Mud Hens : RHP Caleb Franklin
|
|
Batting: LHB Caleb Domino
|
0-0: Called Strike 0-1: Ball 1-1: Swinging Strike 1-2: Foul Ball, location: 2F 1-2: Foul Ball, location: 2F 1-2: Strikes out looking
|
|
Batting: RHB Tony Vargas
|
0-0: Called Strike 0-1: Ball 1-1: Foul Ball, location: 2F 1-2: Strikes out swinging
|
|
Batting: RHB Harutomi Matsubara
|
0-0: Called Strike 0-1: Ball 1-1: Ball 2-1: Swinging Strike 2-2: Foul Ball, location: 2F 2-2: Foul Ball, location: 2F 2-2: Fly out, F4 (Popup, 4, EV 64.4 MPH)
|
| Bottom of the 3rd over - 0 runs, 0 hits, 0 errors, 0 left on base; Toledo 0 - Tacoma 1 |
| TOP OF THE 4TH |
|
Toledo Mud Hens batting - Pitching for Tacoma Rainiers : RHP Jake Underhill
|
|
Batting: LHB Conrad Taylor
|
0-0: Called Strike 0-1: Ball 1-1: Ground out 4-3 (Groundball, 4D, EV 100.6 MPH)
|
|
Batting: LHB Tyler Davis
|
0-0: Foul Ball, location: 2F 0-1: Ground out 4-3 (Groundball, 34D, EV 77.5 MPH)
|
|
Batting: SHB Andy Vivas
|
0-0: Ground out U3 (Groundball, 3, EV 80.6 MPH)
|
| Top of the 4th over - 0 runs, 0 hits, 0 errors, 0 left on base; Toledo 0 - Tacoma 1 |
| BOTTOM OF THE 4TH |
|
Tacoma Rainiers batting - Pitching for Toledo Mud Hens : RHP Caleb Franklin
|
|
Batting: LHB Ryan Lowe
|
0-0: Called Strike 0-1: Foul Ball, location: 2F 0-2: Fly out, F4 (Line Drive, 34D, EV 71.2 MPH)
|
|
Batting: LHB Tom Reynolds
|
0-0: Called Strike 0-1: Foul Ball, location: 2F 0-2: Ball 1-2: Ball 2-2: Strikes out swinging
|
|
Batting: RHB Brad Robidas
|
0-0: Ball 1-0: Foul Ball, location: 2F 1-1: Foul Ball, location: 2F 1-2: Foul Ball, location: 2F 1-2: Strikes out looking
|
| Bottom of the 4th over - 0 runs, 0 hits, 0 errors, 0 left on base; Toledo 0 - Tacoma 1 |
| TOP OF THE 5TH |
|
Toledo Mud Hens batting - Pitching for Tacoma Rainiers : RHP Jake Underhill
|
|
Batting: LHB Frank McConnell
|
0-0: Called Strike 0-1: Swinging Strike 0-2: Ball 1-2: Strikes out swinging
|
|
Batting: SHB Ross Holland
|
0-0: Foul Ball, location: 2F 0-1: Foul Ball, location: 2F 0-2: Strikes out looking
|
|
Batting: RHB Dan Becvar
|
0-0: Ball 1-0: Ball 2-0: Ball 3-0: Called Strike 3-1: Base on Balls
|
|
Batting: RHB Keith Hoffman
|
0-0: Ball Dan Becvar is caught stealing 2nd base 2-4
|
| Top of the 5th over - 0 runs, 0 hits, 0 errors, 0 left on base; Toledo 0 - Tacoma 1 |
| BOTTOM OF THE 5TH |
|
Tacoma Rainiers batting - Pitching for Toledo Mud Hens : RHP Caleb Franklin
|
|
Batting: RHB Rick Ellis
|
0-0: Foul Ball, location: 2F 0-1: Ground out 6-3 (Groundball, 6, EV 82.5 MPH)
|
|
Batting: RHB Sean Peake
|
0-0: Called Strike 0-1: Foul Ball, location: 2F 0-2: Fly out, F9 (Line Drive, 9S, EV 93.8 MPH)
|
|
Batting: RHB Micah Roth
|
0-0: Fly out, F8 (Flyball, 8RD, EV 98.8 MPH)
|
| Bottom of the 5th over - 0 runs, 0 hits, 0 errors, 0 left on base; Toledo 0 - Tacoma 1 |
| TOP OF THE 6TH |
|
Toledo Mud Hens batting - Pitching for Tacoma Rainiers : RHP Jake Underhill
|
|
Batting: RHB Keith Hoffman
|
0-0: Ball 1-0: Foul Ball, location: 2F 1-1: Ball 2-1: Ball 3-1: Base on Balls
|
|
Batting: SHB Adam Weber
|
0-0: Ball 1-0: Ball 2-0: Ball 3-0: Base on Balls Keith Hoffman to second
|
|
Batting: RHB J.J. Basil
|
0-0: Fly out, F4 (Popup, 4S, EV 71.2 MPH)
|
|
Batting: LHB Conrad Taylor
|
0-0: Ball 1-0: Ball 2-0: Foul Ball, location: 2F 2-1: Swinging Strike 2-2: 3-RUN HOME RUN (Flyball, 9D, EV 101.9 MPH), Distance : 363 ft
|
|
Batting: LHB Tyler Davis
|
0-0: Ball 1-0: Ground out U3 (Groundball, 3, EV 86.9 MPH)
|
|
Batting: SHB Andy Vivas
|
0-0: Foul Ball, location: 2F 0-1: Ball 1-1: Foul Ball, location: 2F 1-2: Ball 2-2: Ball 3-2: SINGLE (Line Drive, 4D, EV 99.4 MPH)
|
|
Batting: LHB Frank McConnell
|
0-0: Foul Ball, location: 2F 0-1: Ball 1-1: Ball 2-1: Ball 3-1: Swinging Strike 3-2: Base on Balls Andy Vivas to second
|
|
Batting: SHB Ross Holland
|
0-0: Ball 1-0: Swinging Strike 1-1: Swinging Strike 1-2: Strikes out looking
|
| Top of the 6th over - 3 runs, 2 hits, 0 errors, 2 left on base; Toledo 3 - Tacoma 1 |
| BOTTOM OF THE 6TH |
|
Tacoma Rainiers batting - Pitching for Toledo Mud Hens : RHP Caleb Franklin
|
|
Batting: LHB Caleb Domino
|
0-0: Ball 1-0: Called Strike 1-1: Foul Ball, location: 2F 1-2: Foul Ball, location: 2F 1-2: Foul Ball, location: 2F 1-2: Foul Ball, location: 2F 1-2: Ball 2-2: Fly out, F8 (Flyball, 8RXD, EV 89.4 MPH)
|
|
Batting: RHB Tony Vargas
|
0-0: Ball 1-0: Ball 2-0: Ball 3-0: Base on Balls
|
|
Batting: RHB Harutomi Matsubara
|
0-0: Foul Ball, location: 2F 0-1: Ball 1-1: Ball 2-1: Foul Ball, location: 2F 2-2: Strikes out looking
|
|
Batting: LHB Ryan Lowe
|
0-0: Ball 1-0: Called Strike 1-1: Called Strike 1-2: Strikes out swinging
|
| Bottom of the 6th over - 0 runs, 0 hits, 0 errors, 1 left on base; Toledo 3 - Tacoma 1 |
| TOP OF THE 7TH |
|
Toledo Mud Hens batting - Pitching for Tacoma Rainiers : RHP Jake Underhill
|
|
Pitching: RHP Aidan Martin
|
|
|
Batting: RHB Dan Becvar
|
0-0: Ball 1-0: Foul Ball, location: 2F 1-1: SINGLE (Groundball, 6D, EV 107.5 MPH)
|
|
Batting: RHB Keith Hoffman
|
0-0: Bunted foul 0-1: Sac Bunt to 3S - play at first, batter OUT! 3-1 Dan Becvar to second
|
|
Batting: SHB Adam Weber
|
0-0: Ball 1-0: Ground out 4-3 (Groundball, 34, EV 98.1 MPH) Dan Becvar to third
|
|
Batting: RHB J.J. Basil
|
0-0: Called Strike 0-1: Called Strike 0-2: Ball 1-2: Foul Ball, location: 2F 1-2: Strikes out swinging
|
| Top of the 7th over - 0 runs, 1 hit, 0 errors, 1 left on base; Toledo 3 - Tacoma 1 |
| BOTTOM OF THE 7TH |
|
Tacoma Rainiers batting - Pitching for Toledo Mud Hens : RHP Caleb Franklin
|
|
Batting: LHB Tom Reynolds
|
0-0: Ball 1-0: Ball 2-0: Ball 3-0: Base on Balls
|
|
Batting: RHB Brad Robidas
|
0-0: Sac Bunt to P - play at first, batter OUT! 1-3 Tom Reynolds to second
|
|
Batting: RHB Rick Ellis
|
0-0: Ball 1-0: Called Strike 1-1: Foul Ball, location: 2F 1-2: Ball 2-2: Ball 3-2: Hit by Pitch
|
|
Pitching: RHP Jason Mucci
|
|
|
Batting: RHB Sean Peake
|
0-0: Swinging Strike 0-1: Ball 1-1: Called Strike 1-2: Foul Ball, location: 2F 1-2: Strikes out swinging
|
|
Batting: RHB Micah Roth
|
0-0: Fielders Choice at 2nd, 6-4 (Groundball, 6, EV 98.8 MPH)
|
| Bottom of the 7th over - 0 runs, 0 hits, 0 errors, 2 left on base; Toledo 3 - Tacoma 1 |
| TOP OF THE 8TH |
|
Toledo Mud Hens batting - Pitching for Tacoma Rainiers : RHP Aidan Martin
|
|
Pitching: RHP Victor Cervantes
|
|
|
Batting: LHB Conrad Taylor
|
0-0: Called Strike 0-1: SINGLE (Groundball, 4MD, EV 106.9 MPH)
|
|
Batting: LHB Tyler Davis
|
0-0: Fielders Choice at 2nd, U6 (Groundball, 6MD, EV 101.2 MPH)
|
|
DELAY
|
Rain delay of 33 minutes in the 8th inning.
|
|
Batting: SHB Andy Vivas
|
0-0: Foul Ball, location: 2F 0-1: Ball 1-1: Called Strike 1-2: Strikes out looking
|
|
Batting: LHB Frank McConnell
|
Pickoff Throw to First - Out! 1-3
|
| Top of the 8th over - 0 runs, 1 hit, 0 errors, 0 left on base; Toledo 3 - Tacoma 1 |
| BOTTOM OF THE 8TH |
|
Tacoma Rainiers batting - Pitching for Toledo Mud Hens : RHP Jason Mucci
|
|
Batting: LHB Caleb Domino
|
0-0: Ball 1-0: Ball 2-0: Foul Ball, location: 2F 2-1: Fly out, F7 (Flyball, 78S, EV 71.2 MPH)
|
|
Batting: RHB Tony Vargas
|
0-0: Ball 1-0: Fly out, F9 (Flyball, 9S, EV 91.2 MPH)
|
|
Batting: RHB Harutomi Matsubara
|
0-0: Called Strike 0-1: Called Strike 0-2: Ball 1-2: Ball 2-2: Strikes out swinging
|
| Bottom of the 8th over - 0 runs, 0 hits, 0 errors, 0 left on base; Toledo 3 - Tacoma 1 |
| TOP OF THE 9TH |
|
Toledo Mud Hens batting - Pitching for Tacoma Rainiers : RHP Victor Cervantes
|
|
Batting: LHB Frank McConnell
|
0-0: Ball 1-0: Ball 2-0: Called Strike 2-1: Ball 3-1: Base on Balls
|
|
Batting: SHB Ross Holland
|
0-0: Foul Ball, location: 2F 0-1: Ball 1-1: Foul Ball, location: 2F 1-2: Strikes out looking
|
|
Batting: RHB Dan Becvar
|
0-0: Ball 1-0: Foul Ball, location: 2F 1-1: Grounds into double play, 5-4-3 (Groundball, 56, EV 106.2 MPH)
|
| Top of the 9th over - 0 runs, 0 hits, 0 errors, 0 left on base; Toledo 3 - Tacoma 1 |
| BOTTOM OF THE 9TH |
|
Tacoma Rainiers batting - Pitching for Toledo Mud Hens : RHP Jason Mucci
|
|
Pitching: RHP Josh Wollaston
|
|
|
Now in LF: Tyler Davis
|
|
|
Now in RF: Bill Ford
|
|
|
Batting: LHB Ryan Lowe
|
0-0: Ball 1-0: Ground out 6-3 (Groundball, 6, EV 94.4 MPH)
|
|
Batting: LHB Tom Reynolds
|
0-0: SINGLE (Groundball, 6MD, EV 113.8 MPH)
|
|
Batting: RHB Brad Robidas
|
0-0: Called Strike 0-1: Swinging Strike 0-2: Ball 1-2: Ball 2-2: Foul Ball, location: 2F 2-2: SINGLE (Groundball, 56D, EV 98.8 MPH) Tom Reynolds to second
|
|
Batting: RHB Rick Ellis
|
0-0: Swinging Strike 0-1: Ball 1-1: Ball 2-1: Foul Ball, location: 2F 2-2: Strikes out swinging
|
|
Batting: RHB Sean Peake
|
0-0: Ball Wild Pitch! Tom Reynolds to third Brad Robidas to second 1-0: Called Strike 1-1: Swinging Strike 1-2: Foul Ball, location: 2F 1-2: Ball 2-2: Strikes out swinging
|
| Bottom of the 9th over - 0 runs, 2 hits, 0 errors, 2 left on base; Toledo 3 - Tacoma 1 |
|